 Dungeon Crawl Stone Soup version 0.31-a0-233-g139696dc86 (webtiles) character file.

Game seed: 2177671862089667633

198 Demosthentine the Ducker (level 5, 0/41 HPs)
             Began as a Demonspawn Gladiator on July 8, 2023.
             Killed from afar by a steam dragon (14 damage)
             ... with a ball of steam
             ... on level 4 of the Dungeon.
             The game lasted 00:02:41 (2699 turns).

Demosthentine the Ducker (Demonspawn Gladiator)     Turns: 2699, Time: 00:02:42

Health: 0/41       AC:  3    Str: 16    XL:     5   Next: 47%
Magic:  5/5        EV: 13    Int:  9    God:
Gold:   134        SH:  0    Dex: 15    Spells: 4/4 levels left

rFire   . . .        a - +0 trident
rCold   . . .        (no shield)
rNeg    . . .        b - +0 leather armour
rPois   .            (helmet restricted)
rElec   .            (no cloak)
rCorr   .            (no gloves)
SInv    .            (no boots)
Will    .....        c - amulet of the acrobat
Stlth   +            (no ring)
HPRegen 0.26/turn    (no ring)
MPRegen 0.09/turn

%: acrobat
@: no status effects
A: antennae 1
a: no special abilities


You were on level 4 of the Dungeon.
You visited 1 branch of the dungeon, and saw 4 of its levels.

You collected 134 gold pieces.

Inventory:

Hand Weapons
 a - a +0 trident (weapon)
Missiles
 d - 4 throwing nets (quivered)
 e - 6 javelins
Armour
 b - a +0 leather armour (worn)
 f - a +2 buckler
Jewellery
 c - an amulet of the acrobat (around neck)
Scrolls
 h - 2 scrolls of teleportation
 n - a scroll of enchant armour {unknown}
Potions
 g - a potion of invisibility
 i - a potion of enlightenment
 j - a potion of attraction {unknown}
 k - 2 potions of heal wounds {unknown}
 l - a potion of curing {unknown}
 m - a potion of berserk rage {unknown}


   Skills:
 + Level 3.1 Fighting
 + Level 3.4 Polearms
 - Level 1.7 Throwing
 + Level 1.9 Armour
 + Level 3.5 Dodging
 + Level 1.8 Shields


You had 4 spell levels left.
You didn't know any spells.
Your spell library contained the following spells:

 Spells                   Type           Power      Damage    Failure   Level
 Volatile Blastmotes      Fire/Tloc      0%         2d10      83%         3
 Fulminant Prism          Conj/Hex       0%         3d5       99%         4
 Iskenderun's Mystic Bla  Conj/Tloc      0%         2d3       99%         4
 Petrify                  Tmut/Erth      0%         N/A       99%         4
 Lee's Rapid Deconstruct  Erth           0%         3d4*      100%        5
 Metabolic Englaciation   Hex/Ice        0%         N/A       100%        5
 Statue Form              Tmut/Erth      0%         N/A       100%        6


Dungeon Overview and Level Annotations

Branches:
Dungeon (4/15)
 Temple: D:4-7

Altars:


Innate Abilities, Weirdness & Mutations

You have a pair of small antennae on your head.


Message History

Press: ? - help, Q - select action, (/) - cycle Shift-Dir - straight line, f - steam dragon
Aim: a steam dragon (unable to see you, 59% to hit)
You throw a throwing net. The throwing net hits the steam dragon.
The steam dragon is caught in the net!
The adder hisses angrily.
You hear a shout!
The steam dragon struggles against the net.
Reach: a) +0 trident
Press: ? - help, Dir - move target, f/p - steam dragon
Aim: a steam dragon (entangled in a net, about 7% to evade your +0 trident)
You reach to attack!
You hit the steam dragon.
The steam dragon is moderately wounded.
You flicker back into view.
The steam dragon struggles against the net.
Unknown command.
Reach: a) +0 trident
Press: ? - help, Dir - move target, f/p - steam dragon
Aim: a steam dragon (moderately wounded, entangled in a net, about 7% to evade your +0 trident)
You reach to attack!
You hit the steam dragon.
The steam dragon is moderately wounded.
The steam dragon breathes steam at you. The ball of steam hits you!
The steam dragon struggles against the net.
You hear an angry hiss.
You hear a shout! x2
Reach: a) +0 trident
Press: ? - help, Dir - move target, f/p - steam dragon
Aim: a steam dragon (moderately wounded, entangled in a net, about 7% to evade your +0 trident)
You reach to attack!
You puncture the steam dragon!
The steam dragon is severely wounded.
You are engulfed in a cloud of scalding steam.
Found a throwing net.
The steam dragon struggles against the net.
Reach: a) +0 trident
Press: ? - help, Dir - move target, f/p - steam dragon
Aim: a steam dragon (severely wounded, entangled in a net, about 7% to evade your +0 trident)
You reach to attack!
You puncture the steam dragon!
The steam dragon is almost dead.
The steam dragon breathes steam at you. The ball of steam hits you!
You die...

.... ... ... ♣♣..
#S# # ♣♣...
#o#.##### ♣♣....
##D#...:.. ♣♣.....
#§§.>.....
#......###.@..s....
#........)§.......(
#......§§.###'#####
#.......).###.#
.........§....#
######........#
#........##
#.........###
####..####...#...#


You could see a steam dragon (caught, catching breath), a scorpion, an adder and
an orc.

Vanquished Creatures
  An orc priest (D:3)
  3 gnolls (D:4)
  5 adders
  2 worms (D:2)
  A dart slug (D:1)
  6 orcs
  10 bats
  4 endoplasms
  3 giant cockroaches (D:1)
  7 hobgoblins
  6 jackals (D:1)
  4 quokkas
  7 ball pythons
  3 frilled lizards (D:1)
  4 goblins
  6 kobolds (D:2)
  4 rats
76 creatures vanquished.

Vanquished Creatures (others)
  A hobgoblin (D:4)
1 creature vanquished.

Grand Total: 77 creatures vanquished

Notes
Turn   | Place    | Note
-------+----------+-------------------------------------------
     0 | D:1      | Demosthentine the Demonspawn Gladiator began the quest for
                  | the Orb.
     0 | D:1      | Reached XP level 1. HP: 16/16 MP: 1/1
   195 | D:1      | You fall into a shaft and drop 1 floor!
   215 | D:2      | Gained mutation: You have a pair of small antennae on your
                  | head. [demonic ancestry]
   215 | D:2      | Reached XP level 2. HP: 22/22 MP: 2/2
   370 | D:2      | Reached XP level 3. HP: 28/28 MP: 3/3
   442 | D:1      | Reached skill level 1 in Armour
   905 | D:1      | Reached skill level 1 in Shields
  1103 | D:2      | Reached XP level 4. HP: 34/34 MP: 4/4
  1988 | D:3      | Reached XP level 5. HP: 19/40 MP: 5/5
  2666 | D:4      | Noticed a steam dragon
  2699 | D:4      | Killed from afar by a steam dragon

Illustrated notes

Levels and vault maps discovered:
D:1:      wander_arrival_peaceful_grave, layout_loops_cross, nrook_uturn,
          grunt_decor_cap
D:2:      layout_loops_ring, kennysheep_generic_room_6
D:3:      layout_basic
D:4:      corexii_shack_village, layout_basic, good_gods_temple_1,
          lemuel_doored_altar, minmay_ruined_shrine

Skill      XL: |  1  2  3  4  5 |
---------------+----------------+-----
Polearms       | 3 |  3.4
Dodging        | 3 |  3.5
Armour         | 1 |  1.9
Shields        | 1 |  1.8
Fighting       | 3 |  3.1
Throwing       | |  1.7

Action                     |  1- 3 |  4- 6 || total
---------------------------+-------+-------++-------
  Melee: Trident           |   122 |   131 ||   253
         Punch             |     2 |     3 ||     5
  Throw: Throwing net      |       |     1 ||     1
    Use: Scroll            |     3 |     1 ||     4
         Potion            |       |     1 ||     1
   Stab: Sleeping          |     1 |       ||     1
         Invisible         |       |     5 ||     5
 Armour: Leather armour    |    27 |    17 ||    44
  Dodge: Dodged            |    75 |    65 ||   140

Table legend: (Time is in decaauts)
 A = Elapsed time spent in this place.
 B = Non-inter-level travel time spent in this place.
 C = Inter-level travel time spent in this place.
 D = Time resting spent in this place.
 E = Time spent auto-exploring this place.
 F = Levels seen in this place.
 G = Mean time per level.
                   A        B        C        D        E       F      G
               +--------+--------+--------+--------+--------+-----+--------+
         Total |   2733 |   2666 |     67 |      0 |   2083 |   4 |  683.2 |
       Dungeon |   2733 |   2666 |     67 |      0 |   2083 |   4 |  683.2 |
               +--------+--------+--------+--------+--------+-----+--------+

Top non-repeatable levels by time:
     D:2: 973 daAuts
     D:1: 810 daAuts
     D:3: 587 daAuts
     D:4: 362 daAuts
